 Dungeon Crawl Stone Soup version 0.19-a0-1908-g43c011f (webtiles) character file.

344 Jorund the Chopper (level 6, -7/44 HPs)
             Began as a Demonspawn Gladiator on Oct 22, 2016.
             Killed by divine providence
             ... invoked by an orc priest
              (12 damage)
             ... on level 3 of the Dungeon.
             The game lasted 00:05:02 (3086 turns).

Jorund the Chopper (Demonspawn Gladiator)           Turns: 3086, Time: 00:05:02

Health: -7/44      AC: 12    Str: 23    XL:     6   Next: 31%
Magic:  6/6        EV: 12    Int: 10    God:
Gold:   162        SH:  0    Dex: 13    Spells: 0 memorised, 5 levels left

rFire  . . .     SeeInvis .     a - +1 war axe
rCold  . . .     Gourm    .     b - +0 leather armour
rNeg   . . .     Faith    .     (no shield)
rPois  .         Spirit   .     (helmet restricted)
rElec  .         Reflect  .     k - +0 cloak
rCorr  .         Harm     .     (no gloves)
MR     .....                    (no boots)
Stlth  +.........               (no amulet)
                                q - +6 ring of strength
                                h - +5 ring of protection

@: no status effects
A: antennae 2, molten scales 2
a: no special abilities


You were on level 3 of the Dungeon.
You were not hungry.

You visited 1 branch of the dungeon, and saw 3 of its levels.

You collected 162 gold pieces.

Inventory:

Hand Weapons
 a - a +1 war axe (weapon)
Missiles
 d - 2 throwing nets (quivered)
Armour
 b - a +0 leather armour (worn)
 k - a +0 cloak (worn)
 s - a +1 robe of cold resistance
Jewellery
 h - a +5 ring of protection (left hand)
 l - an uncursed ring of flight
 q - a +6 ring of strength (right hand)
Scrolls
 c - 2 scrolls of identify
 j - a scroll of teleportation {unknown}
 n - a scroll of enchant armour {unknown}
 p - a scroll of remove curse
Potions
 e - a potion of curing
 m - a potion of heal wounds
 o - a potion of lignification {unknown}
Comestibles
 f - 4 bread rations
 g - a slice of pizza
 i - a beef jerky
 t - 7 chunks of flesh


   Skills:
 - Level 2.0 Fighting
 + Level 5.9 Axes
 - Level 1.7 Throwing
 + Level 2.3 Armour
 - Level 2.6 Dodging


You had 5 spell levels left.
You didn't know any spells.

Dungeon Overview and Level Annotations

Branches:
Dungeon (3/15)

Altars:
Ru


Innate Abilities, Weirdness & Mutations

You have a pair of antennae on your head.
You are mostly covered in molten scales. (AC +3)


Message History

You kill the orc!
You slash the orc priest! The orc priest hits you with a flail!
Unknown command.
You hit the orc priest but do no damage.
The orc priest is severely wounded.
The orc priest hits you but does no damage.
You hit the orc priest.
The orc priest is almost dead.
The orc priest invokes the aid of Beogh against you.
Pain shoots through your body! The orc priest barely misses you.
You hit the orc priest but do no damage.
The orc priest is almost dead.
The orc priest mumbles some strange prayers to Beogh against you.
Beogh smites you!
* * * LOW HITPOINT WARNING * * *
You barely miss the orc priest.
The orc priest is almost dead.
The orc priest mumbles some strange prayers to Beogh against you.
Beogh smites you!
You die...

#################
#................
#########...#...#o..#...
.....##.........@)......
.....)..#...#...#...#... ######
.....###................ #.....
.....# #####################.....
.....# #..........
.....##################..........
.................................
.....................O#......oh..
.....################{.######..o.


You could see an orc priest.

Vanquished Creatures
  A water moccasin (D:3)
  An orc priest (D:3)
  2 orc wizards (D:3)
  Crazy Yiuf (D:2)
  Ijyb (D:2)
  3 adders
  A worm (D:2)
  A dart slug (D:2)
  4 leopard geckos
  8 orcs (D:3)
  A ball python (D:1)
  6 bats
  3 giant cockroaches
  5 goblins
  5 hobgoblins
  10 jackals
  A quokka (D:3)
  A frilled lizard (D:2)
  2 kobolds
  8 rats
65 creatures vanquished.

Notes
Turn   | Place    | Note
-------+----------+-------------------------------------------
     0 | D:1      | Jorund the Demonspawn Gladiator began the quest for the Orb.
     0 | D:1      | Reached XP level 1. HP: 16/16 MP: 1/1
   124 | D:1      | Reached skill level 3 in Axes
   397 | D:1      | Gained mutation: You have a pair of small antennae on your head. [demonic ancestry]
   397 | D:1      | Reached XP level 2. HP: 22/22 MP: 2/2
   698 | D:2      | Found a sacrificial altar of Ru.
  1064 | D:2      | Noticed Ijyb
  1070 | D:2      | Killed Ijyb
  1070 | D:2      | Reached skill level 1 in Armour
  1070 | D:2      | Gained mutation: You have a pair of antennae on your head. [demonic ancestry]
  1070 | D:2      | Reached XP level 3. HP: 18/27 MP: 3/3
  1300 | D:2      | Reached XP level 4. HP: 24/33 MP: 4/4
  1394 | D:2      | Reached skill level 4 in Axes
  2034 | D:2      | Found a runed door.
  2038 | D:2      | Noticed Crazy Yiuf
  2045 | D:2      | Killed Crazy Yiuf
  2348 | D:3      | Gained mutation: You are partially covered in molten scales. (AC +2) [demonic ancestry]
  2348 | D:3      | Reached XP level 5. HP: 20/38 MP: 5/5
  2733 | D:3      | Noticed an ogre
  2809 | D:3      | Reached skill level 5 in Axes
  2816 | D:3      | Noticed a water moccasin
  2823 | D:3      | Killed a water moccasin
  2823 | D:3      | Gained mutation: You are mostly covered in molten scales. (AC +3) [demonic ancestry]
  2823 | D:3      | Reached XP level 6. HP: 29/44 MP: 6/6
  3086 | D:3      | Killed from afar by an orc priest

Vault maps used:
D:1:      dpeg_arrival_concentric_ovals, corner_web_ring
D:2:      hangedman_ru_absence, st_stairs_5, kennysheep_pointless_box,
          minmay_quantized, uniq_iyjb, uniq_crazy_yiuf_cottage
D:3:      lemuel_coloured_pillars_altar, first_bread, hex_intersection

Skill      XL: |  1  2  3  4  5 |
---------------+----------------+-----
Axes           | 3 4 5 |  5.9
Armour         | 1 2 |  2.3
Fighting       | |  2.0
Throwing       | |  1.7
Dodging        | |  2.6

Action                   |  1- 3 |  4- 6 || total
-------------------------+-------+-------++-------
Melee: War axe           |    85 |   126 ||   211
Throw: Throwing net      |     1 |     2 ||     3
  Use: Potion            |     1 |     2 ||     3
       Scroll            |     1 |     4 ||     5
 Stab: Sleeping          |       |     2 ||     2
       Held in net/web   |       |     1 ||     1
  Eat: Chunk             |     1 |     6 ||     7
Armor: Leather armour    |    34 |    67 ||   101
Dodge: Dodged            |    75 |    85 ||   160
